 Dungeon Crawl Stone Soup version 0.29.1-13-g9f3cf754e1 (webtiles) character file.

Game seed: 12410086468896609204

60 benadryl the Magician (level 4, -3/31 HPs)
             Began as a Djinni Venom Mage on Jan 22, 2023.
             Slain by an iguana (11 damage)
             ... on level 3 of the Dungeon.
             The game lasted 00:07:33 (3142 turns).

benadryl the Magician (Djinni Venom Mage)           Turns: 3142, Time: 00:07:34

Health: -3/31      AC:  4    Str:  7    XL:     4   Next: 25%
Gold:   114        EV: 12    Int: 19    God:
                   SH:  0    Dex: 13

rFire   + + .      SeeInvis .   d - +0 short sword
rCold   x . .      Faith    .   (no shield)
rNeg    . . .      Spirit   .   a - +0 robe
rPois   ∞          Reflect  .   f - +1 helmet
rElec   .          Harm     .   (no cloak)
rCorr   .          Rampage  .   (no gloves)
Will    .....                   (boots unavailable)
Stlth   ++........              (no amulet)
HPRegen 0.10/turn               (no ring)
MPRegen 0.00/turn               (no ring)

@: flying
A: sickness immunity, fire resistance 2, cold vulnerability 1, float, innate
caster, HP casting, extra vitality 1
a: no special abilities


You were on level 3 of the Dungeon.
You visited 1 branch of the dungeon, and saw 3 of its levels.

You collected 114 gold pieces.

Inventory:

Hand Weapons
 d - a +0 short sword (weapon)
 e - a +0 spear
Missiles
 l - 5 silver boomerangs
Armour
 a - a +0 robe (worn)
 f - a +1 helmet (worn)
 s - the +1 chain mail "Siretaom" {Str+5}
   (You found it on level 2 of the Dungeon)

   Str:       It affects your strength (+5).
Jewellery
 p - a ring of fire
Wands
 o - a wand of charming (10)
Scrolls
 b - a scroll of noise {unknown}
 h - a scroll of poison {unknown}
 i - a scroll of butterflies {unknown}
 j - a scroll of teleportation {unknown}
 m - a scroll of enchant armour {unknown}
 r - a scroll of identify {@r1}
Potions
 c - a potion of lignification
 g - a potion of haste {unknown}
 k - a potion of magic
 n - a potion of mutation {unknown}
 q - a potion of curing {unknown}


   Skills:
 - Level 2.5 Dodging
 - Level 1.9 Stealth
 + Level 3.5 Spellcasting


You couldn't memorise any spells.
You knew the following spells:

 Your Spells              Type           Power      Damage    Failure   Level
a - Sting                 Tmut/Pois      64%        1d6       3%          1
b - Poisonous Vapours     Pois/Air       32%        N/A       5%          2
c - Mephitic Cloud        Conj/Pois/Air  16%        N/A       11%         3
d - Olgreb's Toxic Radia  Pois           16%        N/A       34%         4
e - Foxfire               Conj/Fire      64%        2x1d7     3%          1
Your spell library was empty.

Dungeon Overview and Level Annotations

Branches:
Dungeon (3/15)

Altars:
Trog


Innate Abilities, Weirdness & Mutations

You are immune to sickness and miasma.
You are immune to poison.
Your flesh is very heat resistant. (rF++)
You are vulnerable to cold. (rC-)
You float through the air rather than walking.
You learn spells naturally, not from books.
Your magical power is your life essence.
You have superior vitality. (+4 MHP)


Message History

Unknown command.
Casting: Mephitic Cloud (quite dangerous; 11% risk of failure)
Confirm with . or Enter, or press ? or * to list all spells.
Aiming: Mephitic Cloud (quite dangerous; 11% risk of failure)
Press: ? - help, Shift-Dir - straight line, f/p - iguana
Aim: an iguana (heavily wounded, poisoned, chance to affect: 86%)
The ball explodes into a vile cloud!
The stinking cloud engulfs the iguana but does no damage.
The iguana is heavily wounded.
The stinking cloud engulfs you but does no damage.
* * * LOW HITPOINT WARNING * * *
The iguana is engulfed in noxious fumes.
The iguana appears confused.
The iguana barely misses you.
You hit the iguana but do no damage.
The iguana is heavily wounded.
The iguana is engulfed in noxious fumes.
The iguana appears confused.
The iguana closely misses you.
The iguana bites itself.
You hit the iguana but do no damage.
The iguana is heavily wounded.
You hit the iguana but do no damage.
The iguana is severely wounded.
The iguana is engulfed in noxious fumes.
The iguana appears confused.
The iguana barely misses you.
You hit the iguana but do no damage.
The iguana is severely wounded.
The iguana closely misses you.
The iguana looks more healthy.
The iguana completely misses you.
You hit the iguana but do no damage.
The iguana is severely wounded.
The iguana bites the hobgoblin but does no damage.
You hit the iguana but do no damage.
The iguana is severely wounded.
The iguana closely misses you.
You hit the iguana.
The iguana is almost dead.
You completely miss the iguana.
The iguana is almost dead.
The iguana bites you!
You die...

...8..##### ..........##
...>.......## #######
............# #.....###
.8..$8......# #........
.#..........# #.#.#....
............# ####.#.....[
......>.....########........#.#
.......<....gl@......####......
##..#######+########## #.).#.#
#.. #...... #. #.#.... #......
#.##... #. #.## #. .


You could see an iguana (confused) and a hobgoblin.

Vanquished Creatures
  2 adders
  A worm (D:2)
  6 bats
  An endoplasm (D:1)
  2 giant cockroaches
  A goblin (D:2)
  4 hobgoblins
  3 jackals (D:3)
  5 kobolds
  4 quokkas
  2 ball pythons
  2 frilled lizards (D:2)
  5 rats
38 creatures vanquished.

Vanquished Creatures (others)
  6 foxfires (D:2)
6 creatures vanquished.

Grand Total: 44 creatures vanquished

Notes
Turn   | Place    | Note
-------+----------+-------------------------------------------
     0 | D:1      | benadryl the Djinni Venom Mage began the quest for the Orb.
     0 | D:1      | benadryl set off with the following spells memorised:
                  | Sting, Poisonous Vapours, Mephitic Cloud, Olgreb's Toxic
                  | Radiance.
     0 | D:1      | Reached XP level 1. HP: 15/15 MP: 0/0
   277 | D:1      | Reached XP level 2. HP: 16/21 MP: 0/0
   879 | D:2      | Reached XP level 3. HP: 10/25 MP: 0/0
   879 | D:2      | Learned a level 1 spell: Foxfire
   883 | D:1      | Reached skill level 3 in Spellcasting
  1166 | D:2      | Found a bloodstained altar of Trog.
  1922 | D:2      | Identified the +1 chain mail "Siretaom" {Str+5}
  1957 | D:2      | Reached XP level 4. HP: 18/31 MP: 0/0
  3142 | D:3      | Slain by an iguana

Illustrated notes

Levels and vault maps discovered:
D:1:      dpeg_arrival_fog, layout_basic, minmay_heptomino_o4
D:2:      layout_rooms, basic_altar
D:3:      layout_rooms, gammafunk_ghost_cemetery, grunt_ministairs_1,
          st_stairs_2, kennysheep_path_1

Skill      XL: |  1  2  3 |
---------------+----------+-----
Spellcasting   | 3 |  3.5
Dodging        | |  2.5
Stealth        | |  1.9

Action                   |  1- 3 |  4- 6 || total
-------------------------+-------+-------++-------
Melee: Short sword       |    40 |    36 ||    76
 Cast: Sting             |    37 |    13 ||    50
       Foxfire           |     3 |       ||     3
       Poisonous Vapours |       |     2 ||     2
       Mephitic Cloud    |       |     1 ||     1
  Use: Scroll            |     2 |       ||     2
Armor: Robe              |    22 |    19 ||    41
Dodge: Dodged            |    57 |    32 ||    89
